 Dungeon Crawl Stone Soup version 0.23-a0-480-g1869896 (webtiles) character file.

37 Firecrotchwizard the Shooter (level 3, -3/28 HPs)
             Began as a Centaur Arcane Marksman on Nov 29, 2018.
             Slain by Sigmund
             ... wielding a +0 scythe
              (6 damage)
             ... on level 2 of the Dungeon.
             The game lasted 00:05:18 (1064 turns).

Firecrotchwizard the Shooter (CeAM)                 Turns: 1064, Time: 00:05:18

Health: -3/28      AC:  7    Str: 12    XL:     3   Next: 23%
Magic:  3/4        EV:  8    Int: 13    God:
Gold:   57         SH:  0    Dex:  9    Spells: 3/4 levels left

rFire    . . .     SeeInvis .   a - +0 shortbow
rCold    . . .     Gourm    .   (shield currently unavailable)
rNeg     . . .     Faith    .   t - +0 ring mail
rPois    .         Spirit   .   i - +0 helmet
rElec    .         Reflect  .   (no cloak)
rCorr    .         Harm     .   u - +0 pair of gloves
MR       .....                  (no barding)
Stlth    ..........             (no amulet)
HPRegen  0.09/turn              (no ring)
MPRegen  0.09/turn              (no ring)

@: very quick
A: large, hooves 3, deformed body, speed 2, tough skin 3
a: no special abilities


You were on level 2 of the Dungeon.
You were not hungry.

You visited 1 branch of the dungeon, and saw 2 of its levels.

You collected 57 gold pieces.

Inventory:

Hand Weapons
 a - a +0 shortbow (weapon)
 b - a +0 hand axe
   (You found it on level 1 of the Dungeon)
 c - a +0 dagger of holy wrath
   (You took it off a kobold on level 1 of the Dungeon)
Missiles
 d - 22 arrows (quivered)
Armour
 e - a +0 robe
 i - a +0 helmet (worn)
   (You found it on level 1 of the Dungeon)
 t - a +0 ring mail (worn)
   (You took it off a hobgoblin on level 2 of the Dungeon)
 u - a +0 pair of gloves (worn)
   (You found it on level 2 of the Dungeon)
Scrolls
 m - 2 scrolls of teleportation {unknown}
 n - 2 scrolls of remove curse {unknown}
 o - a scroll of fog {unknown}
 r - a scroll of blinking {unknown}
Potions
 g - a potion of haste {unknown}
 h - a potion of agility {unknown}
 k - a potion of ambrosia {unknown}
 l - 2 potions of curing {unknown}
 p - a potion of brilliance {unknown}
 q - a potion of heal wounds {unknown}
 s - a potion of lignification {unknown}
Comestibles
 f - 7 rations
 j - a chunk of flesh {@w0}


   Skills:
 + Level 1.6 Fighting
 + Level 3.5 Bows
 - Level 1.3 Dodging
 - Level 1.3 Spellcasting
 + Level 3.1 Hexes


You had 3 spell levels left.
You knew the following spells:

 Your Spells              Type           Power        Failure   Level  Hunger
v - Corona                Hex            #......      17%         1    ##.....

Your spell library contained the following spells:

 Spells                   Type           Power        Failure   Level  Hunger
 Slow                     Hex            #.......     26%         2    ###....
 Inner Flame              Hex/Fire       #.......     69%         3    ####...
 Portal Projectile        Hex/Tloc       #.....       69%         3    ####...
 Cause Fear               Hex            #.........   86%         4    #####..
 Leda's Liquefaction      Hex/Erth       #.........   97%         4    #####..


Dungeon Overview and Level Annotations

Branches:
Dungeon (2/15)

Altars:
Nemelex Xobeh

Annotations:
D:2 Sigmund


Innate Abilities, Weirdness & Mutations

You have hooves in place of feet.
Armour fits poorly on your strangely shaped body.
You cover ground very quickly.
You have extremely tough skin. (AC +3)


Message History

You now have 57 gold pieces (gained 18).
You see here a +0 ring mail.
There isn't anything to butcher here.
t - a +0 ring mail You start removing your armour.
You continue taking off your +0 robe. x4
You finish taking off your +0 robe.
You start putting on your armour.
You continue putting on your +0 ring mail. x5
You finish putting on your +0 ring mail.
You start resting.
Health restored: 28
u - a pair of gloves There isn't anything here!
You start putting on your armour.
You continue putting on your pair of gloves. x4
You finish putting on your +0 pair of gloves.
You can't see any susceptible monsters within range! (Use Z to cast anyway.) Unknown command.
Okay, then.
Okay, then.
Okay, then.
Okay, then.
Okay, then.
Found a sparkling altar of Nemelex Xobeh.
Sigmund the Dreaded comes into view.
He is wielding a +0 scythe.
Sigmund shouts!
a - a +0 shortbow (weapon)
Firing (i - inventory)
d - 33 arrows (quivered)
Aim: Sigmund, wielding a +0 scythe and wearing a +0 robe You shoot an arrow.
The arrow hits Sigmund!
Sigmund casts a spell at you. The magic dart hits you!
You take 4 damage, and have 24/28 hp.
Firing (i - inventory)
d - 32 arrows (quivered)
Aim: Sigmund, wielding a +0 scythe and wearing a +0 robe (moderately wounded)
You shoot an arrow. The arrow closely misses Sigmund.
Firing (i - inventory)
d - 31 arrows (quivered)
Aim: Sigmund, wielding a +0 scythe and wearing a +0 robe (moderately wounded)
You shoot an arrow. The arrow closely misses Sigmund.
Firing (i - inventory)
d - 30 arrows (quivered)
Aim: Sigmund, wielding a +0 scythe and wearing a +0 robe (moderately wounded)
You shoot an arrow. The arrow completely misses Sigmund.
Sigmund casts a spell.
Sigmund flickers and vanishes!
Deactivating autopickup; reactivate with Ctrl-A.
No target in view!
You don't know that spell.
Okay, then.
Nothing appears to happen.
You now have 3/4 mp.
You don't know that spell.
You don't know that spell.
That item cannot be evoked!
Unknown command.
You don't know that spell.
You don't know that spell.
You aren't carrying any items that you can evoke.
Unknown command.
Unknown command.
Okay, then.
Sigmund is outlined in light.
You now have 2/4 mp.
Firing (i - inventory)
d - 29 arrows (quivered)
Aim: Sigmund, wielding a +0 scythe and wearing a +0 robe (moderately wounded, You shoot an arrow.
The arrow barely misses Sigmund.
Sigmund hits you from afar with a +0 scythe!
You take 8 damage, and have 16/28 hp.
MASSIVE DAMAGE!!
Firing (i - inventory)
d - 28 arrows (quivered)
Aim: Sigmund, wielding a +0 scythe and wearing a +0 robe (moderately wounded, You shoot an arrow.
The arrow barely misses Sigmund.
Sigmund hits you but does no damage.
Firing (i - inventory)
d - 27 arrows (quivered)
Aim: Sigmund, wielding a +0 scythe and wearing a +0 robe (moderately wounded, You shoot an arrow.
The arrow barely misses Sigmund.
Sigmund hits you from afar with a +0 scythe.
You take 1 damage, and have 16/28 hp.
Firing (i - inventory)
d - 26 arrows (quivered)
Aim: Sigmund, wielding a +0 scythe and wearing a +0 robe (moderately wounded, You shoot an arrow.
The arrow hits Sigmund!
Firing (i - inventory)
d - 25 arrows (quivered)
Aim: Sigmund, wielding a +0 scythe and wearing a +0 robe (heavily wounded, You shoot an arrow.
The arrow hits Sigmund!
Sigmund closely misses you.
Firing (i - inventory)
d - 24 arrows (quivered)
Aim: Sigmund, wielding a +0 scythe and wearing a +0 robe (severely wounded, You shoot an arrow.
The arrow hits Sigmund.
Sigmund hits you from afar with a +0 scythe!
* * * LOW HITPOINT WARNING * * *
You take 9 damage, and have 7/28 hp.
MASSIVE DAMAGE!!
Firing (i - inventory)
d - 23 arrows (quivered)
Aim: Sigmund, wielding a +0 scythe and wearing a +0 robe (almost dead, softly You shoot an arrow.
The arrow hits Sigmund.
Sigmund stops glowing and disappears.
Something hits you.
* * * LOW HITPOINT WARNING * * *
You take 4 damage, and have 3/28 hp.
Unknown command.
You start resting.
Something hits you.
You die...

#.##..# #..# #......#.###.♣
#.##..# #..###..###.#.# #.#
#.##..####.............###..
#.##........................
#...........###..###.#######
#..###'###..# #..# .# # #..
.# #..# #..# ## ##.###..#
#..# #( ##_..'.@# #..# ##.
##.###......... #..
#.(###..## ##.# #..# # #..#
.(.# ##.#) !(.(. #.... (..##
#.##. .... ...... ......##


There were no monsters in sight!

Vanquished Creatures
  A worm (D:2)
  A leopard gecko (D:1)
  3 giant cockroaches
  6 goblins
  3 hobgoblins
  6 kobolds
  2 ball pythons (D:1)
  2 bats (D:1)
  A frilled lizard (D:2)
  6 rats
31 creatures vanquished.

Notes
Turn   | Place    | Note
-------+----------+-------------------------------------------
     0 | D:1      | Firecrotchwizard the Centaur Arcane Marksman began the
                  | quest for the Orb.
     0 | D:1      | Reached XP level 1. HP: 16/16 MP: 2/2
   100 | D:1      | Reached skill level 3 in Bows
   147 | D:1      | Reached XP level 2. HP: 23/23 MP: 3/3
   393 | D:1      | Reached skill level 3 in Hexes
   598 | D:2      | Reached XP level 3. HP: 25/28 MP: 4/4
  1047 | D:2      | Found a sparkling altar of Nemelex Xobeh.
  1048 | D:2      | Noticed Sigmund
  1061 | D:2      | HP: 7/28 [Sigmund/+0 scythe (9)]
  1062 | D:2      | HP: 3/28 [something (4)]
  1064 | D:2      | Slain by Sigmund

Vault maps used:
D:1:      dpeg_arrival_simpleton_c
D:2:      lemuel_doored_altar, serial_forest, infiniplex_forest_end_1,
          infiniplex_forest_lined_corner, infiniplex_forest_end_double,
          infiniplex_forest_straight_2, infiniplex_forest_lined_room_2,
          infiniplex_forest_clump_tiny, cheibriados_altar_1, uniq_sigmund

Skill      XL: |  1  2 |
---------------+-------+-----
Bows           | 3 |  3.5
Hexes          | 3 |  3.1
Fighting       | |  1.6
Dodging        | |  1.3
Spellcasting   | |  1.3

Action                   || total
-------------------------++-------
Melee: Hand axe          ||    75
       Kick              ||     7
 Fire: Shortbow          ||    20
 Cast: Corona            ||     2
Armor: Robe              ||    31
       Ring mail         ||     1
Dodge: Dodged            ||    35

Table legend:
 A = Non-vault XP
 B = Vault XP
 C = Vault XP percentage of total XP
 D = Non-vault monster count
 E = Vault monster count
 F = Vault count percentage of total count
                 A         B        C        D         E       F
            +---------+---------+-------+---------+---------+-------
      Total |      54 |       0 |   0.0 |      31 |       0 |   0.0
            +---------+---------+-------+---------+---------+-------
        D:1 |      33 |       0 |   0.0 |      20 |       0 |   0.0
        D:2 |      21 |       0 |   0.0 |      11 |       0 |   0.0
            +---------+---------+-------+---------+---------+-------

Vault maps used:
D:1:      dpeg_arrival_simpleton_c
D:2:      lemuel_doored_altar, serial_forest, infiniplex_forest_end_1,
          infiniplex_forest_lined_corner, infiniplex_forest_end_double,
          infiniplex_forest_straight_2, infiniplex_forest_lined_room_2,
          infiniplex_forest_clump_tiny, cheibriados_altar_1, uniq_sigmund

Table legend:
 A = Turns spent in this place as a percentage of turns spent in the entire game.
 B = Non-inter-level travel turns spent in this place as a percentage of non-inter-level travel turns spent in the entire game.
 C = Inter-level travel turns spent in this place as a percentage of turns spent in this place.
 D = Turns resting spent in this place as a percentage of non-inter-level travel turns spent in this place.
 E = Turns spent auto-exploring this place as a percentage of non-inter-level travel turns spent in this place.
 F = Non-inter-level travel turns spent in this place divided by the number of levels of this place that you've seen.
                   A       B       C       D       E      F
               +-------+-------+-------+-------+-------+----------------------
         Total | 100.0 | 100.0 |   1.4 |  30.0 |  46.4 | 524.5
       Dungeon | 100.0 | 100.0 |   1.4 |  30.0 |  46.4 | 524.5
               +-------+-------+-------+-------+-------+----------------------

Table legend:
 A = Kills in this place as a percentage of kills in entire the game.
 B = Kills by you in this place as a percentage of kills by you in the entire game.
 C = Kills by friends in this place as a percentage of kills by friends in the entire game.
 D = Other kills in this place as a percentage of other kills in the entire game.
 E = Experience gained in this place as a percentage of experience gained in the entire game.
 F = Experience gained in this place divided by the number of levels of this place that you have seen.
                   A       B       C       D       E      F
               +-------+-------+-------+-------+-------+----------------------
         Total | 100.0 | 100.0 |   N/A |   N/A | 100.0 |  27.0
       Dungeon | 100.0 | 100.0 |   N/A |   N/A | 100.0 |  27.0
               +-------+-------+-------+-------+-------+----------------------
